 Dungeon Crawl Stone Soup version 0.30-a0-43-gbbf338a72c (webtiles) character file.

Game seed: 4134762553624506725

265625 CannotBeFrozen the Eclecticist (level 19, 167/167 HPs)
             Began as a Demigod Conjurer on Aug 7, 2022.
             Quit the game on level 4 of the Shoals on Sept 1, 2022.
             The game lasted 04:24:00 (58413 turns).

CannotBeFrozen the Eclecticist (Demigod Conjurer)  Turns: 58413, Time: 04:24:00

Health: 167/167    AC: 19    Str: 12    XL:     19   Next: 24%
Magic:  46/46      EV: 16    Int: 40    God:
Gold:   1495       SH:  0    Dex: 12    Spells: 8/52 levels left

rFire   + + .      SeeInvis +    b - staff of conjuration
rCold   + . .      Faith    .    (no shield)
rNeg    + + .      Spirit   .    h - +2 robe {rC+ rF+}
rPois   +          Reflect  .    p - +2 helmet {SInv}
rElec   .          Harm     .    u - +2 cloak {rCorr}
rCorr   +          Rampage  .    w - +1 pair of gloves
Will    ++...                    K - +0 pair of boots
Stlth   +.........               U - amulet of Vitality {RegenMP++ Regen++}
HPRegen 1.97/turn                F - ring "Lasch" {rPois rF+ rN++ Will+ Stlth-}
MPRegen 1.10/turn                v - +4 ring of protection

@: studying 2 skills
A: high MP 1, forlorn, divine attributes
a: no special abilities


You were on level 4 of the Shoals.
You visited 6 branches of the dungeon, and saw 33 of its levels.
You visited the Abyss 1 time.
You also visited: Bailey.

You collected 4030 gold pieces.
You spent 2535 gold pieces at shops.

Inventory:

Hand Weapons
 a - the +8 quarterstaff of Riblimed {speed, rElec Str+5}
   (You found it on level 4 of the Dungeon)

   Attacks with this weapon are significantly faster.
   Str:       It affects your strength (+5).
   rElec:     It insulates you from electricity.
 V - the +6 Majin-Bo {vamp, MP+6 Int+6}
   (You took it off a deep elf sorcerer on level 3 of the Elven Halls)

   It heals its wielder for a portion of the damage dealt when they wound a
   living foe with it or with a spell.
   Its wielder's spells cost health as well as magical power.
   Int:       It affects your intelligence (+6).
   MP:        It affects your magic capacity (+6).
Missiles
 P - 4 throwing nets {=f=F}
Armour
 h - a +2 robe of resistance (worn)
 p - a +2 helmet of see invisible (worn)
 u - a +2 cloak of preservation (worn)
 w - a +1 pair of gloves (worn)
 K - a +0 pair of boots (worn)
Magical Staves
 b - a staff of conjuration (weapon)
Jewellery
 n - a ring of see invisible
 v - a +4 ring of protection (right hand)
 F - the ring "Lasch" (left hand) {rPois rF+ rN++ Will+ Stlth-}
   (You bought it in a shop on level 2 of the Orcish Mines)

   [ring of poison resistance]

   rF:        It protects you from fire.
   rPois:     It protects you from poison.
   rN:        It greatly protects you from negative energy.
   Will:      It increases your willpower.
   Stlth:     It makes you less stealthy.
 G - a ring of willpower
 U - the amulet of Vitality (around neck) {RegenMP++ Regen++}
   (You bought it in a shop on level 2 of the Orcish Mines)

   [amulet of magic regeneration]

   It increases your rate of magic regeneration.
   Regen:     It increases your rate of health regeneration.
Wands
 d - a wand of paralysis (39)
 s - a wand of flame (24)
 t - a wand of iceblast (33)
 A - a wand of mindburst (12)
 B - a wand of quicksilver (29)
 J - a wand of digging (6)
 Q - a wand of polymorph (4)
Scrolls
 c - a scroll of teleportation {@r2}
 j - 5 scrolls of immolation
 m - 2 scrolls of blinking
 r - 2 scrolls of magic mapping
 x - 22 scrolls of butterflies
 y - 4 scrolls of summoning
 C - 7 scrolls of poison
 E - 3 scrolls of fear
 N - 2 scrolls of amnesia
 S - 22 scrolls of enchant weapon
 T - 3 scrolls of enchant armour
Potions
 e - 2 potions of berserk rage
 f - 2 potions of flight
 g - 7 potions of haste
 i - 5 potions of invisibility
 k - 19 potions of curing {@q1}
 l - 4 potions of might
 o - 4 potions of magic
 q - 2 potions of ambrosia
 D - a potion of resistance
 H - 9 potions of mutation
 I - 7 potions of heal wounds {@q2}
 L - 2 potions of brilliance
 M - 3 potions of lignification
Miscellaneous
 z - a lightning rod (4/4)
 Y - a phial of floods


   Skills:
 - Level 14.1 Fighting
 - Level 5.0 Staves
 - Level 8.0 Armour
 - Level 10.0 Dodging
 - Level 2.0 Stealth
 - Level 17.4 Spellcasting
 - Level 16.4 Conjurations
 - Level 2.0 Translocations
 - Level 5.0 Transmutations
 - Level 6.7 Ice Magic
 - Level 3.0 Air Magic
 + Level 13.5 Earth Magic


You had 8 spell levels left.
You knew the following spells:

 Your Spells              Type           Power      Damage    Failure   Level
a - Magic Dart            Conj           100%       1d8       0%          1
b - Iskenderun's Mystic   Conj/Tloc      100%       2d19      1%          4
c - Lehudib's Crystal Sp  Conj/Erth      62%        10d14     12%         8
d - Dazzling Flash        Conj/Hex       100%       N/A       1%          3
f - Freezing Cloud        Conj/Ice/Air   51%        6-21      1%          5
i - Iron Shot             Conj/Erth      62%        9d12      1%          6
o - Ozocubu's Armour      Ice            73%        N/A       1%          3
p - Fulminant Prism       Conj/Hex       50%        3d23      1%          4
s - Statue Form           Tmut/Erth      55%        N/A       2%          6
v - Poisonous Vapours     Pois/Air       92%        N/A       1%          2
z - Searing Ray           Conj           100%       2d8       0%          2

Your spell library contained the following spells:

 Spells                   Type           Power      Damage    Failure   Level
 Sandblast                Erth           100%       2d20      0%          1
 Stone Arrow              Conj/Erth      100%       3d13      0%          3
 Freeze                   Ice            100%       1d11      1%          1
 Passwall                 Tmut/Erth      69%        N/A       1%          2
 Scorch                   Fire           68%        2d8       1%          2
 Static Discharge         Conj/Air       100%       3-10/arc  1%          2
 Conjure Flame            Conj/Fire      100%       6-21      1%          3
 Frozen Ramparts          Ice            100%       1d16      1%          3
 Gell's Gravitas          Tloc           50%        N/A       1%          3
 Ignite Poison            Fire/Tmut/Pois 48%        N/A       1%          3
 Lesser Beckoning         Tloc           50%        N/A       1%          3
 Portal Projectile        Hex/Tloc       84%        N/A       1%          3
 Teleport Other           Tloc           50%        N/A       1%          3
 Animate Armour           Summ/Erth      100%       N/A       1%          4
 Flame Wave               Conj/Fire      100%       2d21      1%          4
 Hailstorm                Conj/Ice       100%       3d20      1%          4
 Ice Form                 Ice/Tmut       69%        N/A       1%          4
 Leda's Liquefaction      Hex/Erth       36%        N/A       1%          4
 Petrify                  Tmut/Erth      83%        N/A       1%          4
 Sticky Flame             Conj/Fire      100%       2d11      1%          4
 Borgnjor's Vile Clutch   Necr/Erth      36%        N/A       1%          5
 Lee's Rapid Deconstruct  Erth           48%        3d24*     1%          5
 Lightning Bolt           Conj/Air       53%        1d74      1%          5
 Tukima's Dance           Hex            34%        N/A       2%          3
 Airstrike                Air            28%        2d(4-20)  2%          4
 Blade Hands              Tmut           33%        N/A       3%          5
 Summon Lightning Spire   Summ/Air       46%        N/A       4%          4
 Starburst                Conj/Fire      50%        6d14      4%          6
 Corpse Rot               Necr/Pois/Air  42%        N/A       5%          4
 Metabolic Englaciation   Hex/Ice        29%        N/A       6%          5
 Anguish                  Hex/Necr       17%        N/A       9%          4
 Alistair's Intoxication  Tmut/Pois      35%        N/A       9%          5
 Simulacrum               Ice/Necr       29%        N/A       32%         6
 Eringya's Noxious Bog    Tmut/Pois      26%        N/A       41%         6
 Ozocubu's Refrigeration  Ice            36%        4d15      41%         7
 Summon Cactus Giant      Summ           17%        N/A       77%         6
 Storm Form               Tmut/Air       30%        N/A       80%         7
 Enfeeble                 Hex            17%        N/A       100%        7
 Summon Hydra             Summ           17%        N/A       100%        7
 Maxwell's Capacitive Co  Air            28%        ∞         100%        8
 Polar Vortex             Ice            36%        N/A       100%        9


Dungeon Overview and Level Annotations

Branches:
Dungeon (15/15)            Temple (0/1) D:7            Lair (5/5) D:10
 Shoals (4/4) Lair:2       Spider (4/4) Lair:3        Slime (0/5) Lair:4
    Orc (2/2) D:9             Elf (3/3) Orc:2        Vaults (0/5) D:13
 Depths (0/4) D:15         Bailey (visited)

Shops:
D:5 =   D:9 ?[**[   Orc:1 =   Orc:2 *(?==   Elf:1 ==:(   Elf:2 [*=   Elf:3 *
Shoals:2 *

Portals:
Pandemonium: Orc:2


Innate Abilities, Weirdness & Mutations

You have an increased reservoir of magic. (+10% MP)
You shall have no god before yourself.
Your divine heritage dramatically boosts your attributes as you level up.


Message History

Moving in this stuff is going to be slow.
You enter the shallow water.
Moving in this stuff is going to be slow.
Key pressed, stopping explore.
Found 9 stones.
You now have 1495 gold pieces (gained 19).
Splash!
You fall into the shallow water.
Moving in this stuff is going to be slow.
You enter the shallow water.
Moving in this stuff is going to be slow.
You enter the shallow water.
Moving in this stuff is going to be slow.
Partly explored, can't reach some places.
Partly explored, can't reach some places.
Partly explored, can't reach some places.
You hit the plant.
The plant begins to die.
The plant is lightly damaged.
A nearby plant withers and dies.
Okay, then.
Saving game... please wait.
Welcome back, CannotBeFrozen the Demigod Conjurer.
Press ? for a list of commands and other information.
Okay, then.
Partly explored, can't reach some places.
You hit the plant.
The plant begins to die.
The plant is lightly damaged.
You hit the plant.
The plant is lightly damaged.
You hit the plant.
You blast the plant!
The plant is lightly damaged.
You hit the plant.
The plant is lightly damaged.
A nearby plant withers and dies.
You hit the plant!
The plant begins to die.
The plant is lightly damaged.
There is a stone staircase leading up here.
You hit the plant.
The plant begins to die.
You blast the plant!
The plant is lightly damaged.
Are you sure you want to abandon this character and quit the game? (Confirm with "yes".)

.~≈≈#≈..#≈...)#....PP~.........~~≈≈
..~.##~...#..#)...PPP.........~~~≈≈
...####~....#.....PPP~~~P....~~~≈≈≈
...##.######.......PP~~~~~~~~~~≈≈≈≈
.~..#................~.P~~~~~~≈≈≈≈≈
~...................PPP.P~~≈≈≈≈≈≈≈≈
~~~~................~P~PP~≈≈≈≈≈≈≈≈≈
~~≈≈~~~~...........PP~P~P≈≈≈≈≈≈≈≈≈≈
≈≈≈≈≈~P~..PP.....@P.~~≈≈≈≈≈≈≈≈≈≈≈≈≈
≈≈≈≈≈~~~...PPP.PP..~~≈≈≈≈≈≈≈≈≈≈≈≈≈≈
≈≈≈≈≈~~~..PPPP~~~P..~~≈≈≈≈≈≈≈≈≈≈≈≈≈
≈≈≈≈≈≈~~~~PPP~P~PP~.~~≈≈≈≈≈≈≈≈≈≈≈≈≈
≈≈≈≈≈≈≈~~~~~~~~~~~~~~≈≈≈≈≈≈
≈≈≈≈≈≈≈≈≈≈≈≈≈≈~≈≈≈≈~≈≈≈≈≈≈
≈≈≈≈≈≈≈≈≈≈≈≈≈≈≈≈≈≈≈≈≈≈≈≈≈≈
≈≈≈≈≈≈≈≈≈≈≈≈≈≈≈≈≈≈≈≈≈≈≈≈≈ ≈≈≈≈≈


There were no monsters in sight!

Vanquished Creatures
  Nikola (Elf:3)
  Arachne (Spider:2)
  Jorgrun (Elf:1)
  Asterion (Elf:1)
  2 deep elf blademasters (Elf:3)
  A kraken (Shoals:3)
  2 deep elf master archers (Elf:3)
  Polyphemus (Shoals:3)
  Kirke (D:12)
  Agnes (Spider:4)
  Donald (Elf:3)
  Roxanne (Spider:4)
  Ilsuiw (Shoals:3)
  6 deep elf sorcerers
  3 emperor scorpions
  Louise (Shoals:3)
  3 deep elf elementalists (Elf:3)
  A ghost moth (Spider:4)
  A broodmother (Spider:1)
  A starcursed mass (Abyss:3)
  A very ugly thing (Abyss:3)
  5 deep elf demonologists
  7 deep elf annihilators
  The ghost of Mandevil the Spry, a journeyman FeSu of Gozag (Shoals:3)
  3 entropy weavers
  Azrael (Spider:3)
  Snorg (D:14)
  7 deep elf death magi
  Josephine (D:12)
  4 merfolk javelineers
  15 merfolk impalers
  10 boulder beetles
  A fire dragon (Lair:5)
  Fannar (D:11)
  2 vault guards (Bailey)
  3 deep elf high priests (Elf:3)
  6 hydras
  A ghost crab (Spider:2)
  5 merfolk avatars
  2 demonspawn (Orc:2)
  3 radroaches
  6 two-headed ogres
  5 jorogumos
  4 merfolk aquamancers
  3 alligator snapping turtles
  4 centaur warriors
  22 dancing weapons
  8 orc high priests (Orc:2)
  A catoblepas (Shoals:3)
  A tengu warrior (D:14)
  14 death yaks
  8 death scarabs (Spider:4)
  A vampire mage (D:15)
  2 spectral emperor scorpions (Spider:4)
  2 satyrs
  Nergalle (D:12)
  A sun demon (Orc:2)
  19 deep elf knights
  4 sun moths
  Amaemon (Lair:3)
  5 skeletal warriors
  A fire crab (Lair:5)
  A sixfirhy (Orc:2)
  8 pharaoh ants
  12 sea snakes
  16 orb spiders
  3 steelbarb worms
  2 spectral wolf spiders (Spider:4)
  An orange crystal statue (D:10)
  10 deep elf archers
  A spectral jorogumo (Spider:4)
  A wizard (D:13)
  4 orc knights (Orc:2)
  10 harpies
  2 necromancers
  A wolf spider zombie (Spider:4)
  Pikel (D:4)
  An iron dragon zombie (D:15)
  12 ugly things
  40 deep elf pyromancers
  28 deep elf zephyrmancers
  6 orc sorcerers
  19 wolf spiders
  2 oklob plants (Lair:4)
  3 fauns (Shoals:3)
  7 cyclopes
  14 manticores
  4 moths of wrath
  11 elephants
  11 black mambas
  7 merfolk sirens
  A water nymph (shapeshifter) (Elf:2)
  A guardian serpent (shapeshifter) (D:13)
  An iron dragon skeleton (D:15)
  A fire giant skeleton (D:15)
  An eye of devastation (Lair:4)
  Joseph (D:7)
  4 molten gargoyles
  5 water nymphs
  2 smoke demons (Abyss:3)
  An orange demon (Lair:3)
  A gargoyle (D:12)
  12 cane toads
  13 komodo dragons
  3 rime drakes
  4 unseen horrors (Abyss:3)
  4 torpor snails
  6 demonic crawlers
  Psyche (D:8)
  An efreet (D:15)
  A freezing wraith (D:14)
  A tengu conjurer (D:15)
  4 redback zombies (Spider:4)
  37 merfolk
  2 trolls
  A yaktaur (D:15)
  2 polar bears
  A polar bear (shapeshifter) (D:13)
  A spectral culicivora (Spider:4)
  13 wind drakes
  4 meliai
  6 spectral tarantellas (Spider:4)
  5 tyrant leeches (Spider:2)
  A hornet (D:9)
  7 raiju (Abyss:3)
  18 tarantellas
  2 spectral jumping spiders (Spider:4)
  Prince Ribbit (Bailey)
  7 dream sheep
  23 blink frogs
  A culicivora zombie (Spider:4)
  7 snapping turtles
  A jumping spider zombie (Spider:4)
  17 culicivoras
  3 centaur simulacra
  A large abomination (Abyss:3)
  2 air elementals (Elf:1)
  20 jumping spiders
  2 shadows
  10 water elementals
  6 wraiths
  A fire bat (Abyss:3)
  10 wyverns
  50 yaks
  5 basilisks
  2 hogs (D:12)
  5 fire elementals
  8 humans
  9 steam dragons
  12 vampire mosquitoes
  A neqoxec (Orc:2)
  Menkaure (D:7)
  41 redbacks
  A two-headed ogre zombie (D:9)
  4 wargs (Orc:2)
  2 spatial vortices (Abyss:3)
  2 acid dragons
  Duvessa (D:5)
  5 hell hounds
  19 water moccasins
  A human skeleton (D:15)
  A floating eye (Lair:4)
  28 orc warriors
  2 ice beasts
  2 sky beasts (D:7)
  A black bear (Lair:2)
  15 wolves (Lair:4)
  5 ogres
  9 centaurs
  2 phantoms (D:9)
  3 kobold brigands
  3 earth elementals
  22 bullfrogs
  A necrophage (D:4)
  2 scorpions
  4 wights (D:7)
  Dowan (D:5)
  12 killer bees
  A vampire bat (Abyss:3)
  4 electric eels
  A howler monkey (D:11)
  5 lava snakes (Lair:5)
  A small abomination (Abyss:3)
  A jelly (D:6)
  19 orc priests
  Jessica (D:3)
  4 iguanas
  Ijyb (D:5)
  10 orc wizards
  A hell rat (D:10)
  7 ogre zombies (D:9)
  9 gnolls
  11 adders
  A river rat (D:10)
  3 shadow imps
  3 white imps
  A worm (D:4)
  2 dart slugs
  49 orcs
  9 ball pythons
  4 endoplasms
  4 giant cockroaches
  6 hobgoblins
  2 jackals (D:4)
  24 kobolds
  8 quokkas
  5 bats
  11 goblins
  2 goblin skeletons (D:9)
  3 goblin zombies (D:9)
  2 hobgoblin skeletons (D:9)
  2 orc skeletons (D:9)
  16 orc zombies (D:9)
  7 rats
  8 bushes (Lair:4)
  5 butterflies
  8 fulminant prisms
  2 tentacles (Shoals:3)
1288 creatures vanquished.

Vanquished Creatures (collateral kills)
  A dart slug (D:4)
  An endoplasm (D:4)
  2 jackals (D:4)
  A kobold (D:4)
5 creatures vanquished.

Vanquished Creatures (others)
  A death yak (Shoals:3)
  A wind drake (Shoals:4)
  An orc wizard (D:7)
  333 fulminant prisms
  38 fungi
  167 plants
  6 tentacles (Shoals:3)
  11 withered plants (D:15)
558 creatures vanquished.

Grand Total: 1851 creatures vanquished

Notes
Turn   | Place    | Note
-------+----------+-------------------------------------------
     0 | D:1      | CannotBeFrozen the Demigod Conjurer began the quest for the
                  | Orb.
     0 | D:1      | Reached XP level 1. HP: 14/14 MP: 5/5
    49 | D:1      | Reached skill level 2 in Spellcasting
   269 | D:1      | Reached XP level 2. HP: 20/20 MP: 2/8
   276 | D:1      | Learned a level 2 spell: Searing Ray
  1057 | D:1      | Reached skill level 3 in Spellcasting
  1398 | D:2      | Reached XP level 3. HP: 26/26 MP: 6/10
  1620 | D:2      | Learned a level 3 spell: Dazzling Flash
  2261 | D:3      | Noticed Jessica
  2263 | D:3      | Killed Jessica
  2443 | D:3      | Reached XP level 4. HP: 33/33 MP: 8/12
  2471 | D:3      | Reached skill level 4 in Spellcasting
  3210 | D:3      | Reached XP level 5. HP: 35/38 MP: 5/15
  3536 | D:4      | Reached skill level 5 in Spellcasting
  3744 | D:4      | Identified the +8 quarterstaff of Riblimed {speed, rElec
                  | Str+5}
  3836 | D:4      | Reached XP level 6. HP: 45/45 MP: 11/17
  3836 | D:4      | Noticed Pikel
  3850 | D:4      | Killed Pikel
  3851 | D:4      | Reached skill level 6 in Spellcasting
  3851 | D:4      | Reached skill level 5 in Conjurations
  3851 | D:4      | Reached XP level 7. HP: 37/50 MP: 7/20
  4547 | D:5      | Entered Level 5 of the Dungeon
  4553 | D:5      | Learned a level 3 spell: Ozocubu's Armour
  5010 | D:5      | Found Jiv Hiv's Jewellery Shoppe.
  5012 | D:5      | Noticed Dowan
  5075 | D:5      | Noticed Duvessa
  5089 | D:5      | Killed Duvessa
  5128 | D:5      | Killed Dowan
  5416 | D:5      | Noticed Ijyb
  5429 | D:5      | Killed Ijyb
  5763 | D:6      | Learned a level 2 spell: Poisonous Vapours
  6202 | D:6      | Reached XP level 8. HP: 57/57 MP: 16/22
  6240 | D:6      | Reached skill level 7 in Spellcasting
  6386 | D:6      | Learned a level 4 spell: Iskenderun's Mystic Blast
  6391 | D:6      | Learned a level 4 spell: Fulminant Prism
  7453 | D:7      | Reached skill level 1 in Translocations
  7835 | D:7      | Noticed Menkaure
  7840 | D:7      | Killed Menkaure
  7850 | D:7      | Found a staircase to the Ecumenical Temple.
  7858 | D:7      | Noticed Joseph
  8192 | D:7      | Killed Joseph
  8193 | D:7      | Reached skill level 8 in Spellcasting
  8193 | D:7      | Reached XP level 9. HP: 50/62 MP: 18/25
  8579 | D:7      | Learned a level 5 spell: Freezing Cloud
  8707 | D:7      | Reached skill level 1 in Air Magic
  9700 | D:8      | Reached skill level 9 in Spellcasting
 10044 | D:8      | Noticed Psyche
 10047 | D:8      | Paralysed by Psyche for 3 turns
 10048 | D:8      | Killed Psyche
 10454 | D:8      | Reached XP level 10. HP: 69/69 MP: 22/27
 10774 | D:8      | Noticed a two-headed ogre
 10782 | D:8      | Killed a two-headed ogre
 11090 | D:9      | Found Kesovob's Assorted Antiques.
 11095 | D:9      | Bought a scroll labelled SUGHOV UMALIOPH for 27 gold pieces
 11247 | D:9      | Found Beregouh's Armour Emporium.
 11481 | D:9      | Reached skill level 10 in Spellcasting
 11495 | D:9      | Reached skill level 10 in Conjurations
 11543 | D:9      | Reached skill level 1 in Fighting
 11710 | D:9      | Found a staircase to the Orcish Mines.
 12080 | D:9      | Found Buextoph's General Store.
 12087 | D:9      | Bought a scroll of identify for 26 gold pieces
 12120 | D:9      | Found Fytwec's Armour Boutique.
 12329 | D:9      | Found Varuker's Magic Scroll Shop.
 12338 | D:9      | Bought a scroll of identify for 26 gold pieces
 12338 | D:9      | Bought a scroll of identify for 26 gold pieces
 12447 | D:10     | Entered Level 10 of the Dungeon
 12457 | D:10     | Reached skill level 1 in Staves
 12591 | D:10     | Found a flagged portal.
 12602 | Bailey   | Entered a bailey
 12622 | Bailey   | Reached XP level 11. HP: 74/85 MP: 16/29
 12628 | Bailey   | Reached skill level 5 in Fighting
 12988 | Bailey   | Noticed Prince Ribbit
 13005 | Bailey   | Killed Prince Ribbit
 13046 | Bailey   | Noticed a vault guard
 13200 | Bailey   | Noticed a vault guard
 13229 | Bailey   | Killed a vault guard
 13230 | Bailey   | Reached skill level 5 in Staves
 13381 | Bailey   | Killed a vault guard
 13807 | D:10     | Found a runed translucent door.
 13835 | D:10     | Found a runed translucent door.
 13836 | D:10     | Noticed a two-headed ogre
 13873 | D:10     | Found a runed translucent door.
 13888 | D:10     | Found a runed translucent door.
 13917 | D:10     | Noticed a death yak
 13928 | D:10     | Killed a death yak
 13929 | D:10     | Noticed a death yak
 13938 | D:10     | Killed a death yak
 13938 | D:10     | Noticed a death yak
 13948 | D:10     | Killed a death yak
 14081 | D:10     | Found a staircase to the Lair.
 14289 | D:10     | Noticed an orange crystal statue
 14308 | D:10     | Killed a two-headed ogre
 14310 | D:10     | Noticed a two-headed ogre
 14416 | D:10     | Noticed a two-headed ogre
 14425 | D:10     | Killed an orange crystal statue
 14602 | Lair:1   | Entered Level 1 of the Lair of Beasts
 14700 | Lair:1   | Reached skill level 5 in Ice Magic
 14824 | Lair:1   | Noticed a boulder beetle
 14853 | Lair:1   | Killed a boulder beetle
 15263 | Lair:1   | Reached skill level 11 in Spellcasting
 16088 | Lair:2   | Reached XP level 12. HP: 94/94 MP: 15/31
 17101 | Lair:2   | Found a staircase to the Shoals.
 17580 | Lair:3   | Reached skill level 12 in Spellcasting
 17879 | Lair:3   | Learned a level 6 spell: Iron Shot
 17913 | Lair:3   | Reached skill level 1 in Earth Magic
 18770 | Lair:3   | Noticed Amaemon
 18790 | Lair:3   | Killed Amaemon
 18984 | Lair:3   | Found a hole to the Spider Nest.
 19827 | Lair:3   | Found the +8 whip "Snakebite" {venom, curare, rPois}
 20306 | Lair:4   | Reached skill level 5 in Earth Magic
 20622 | Lair:4   | Noticed a boulder beetle
 20630 | Lair:4   | Killed a boulder beetle
 20631 | Lair:4   | Reached XP level 13. HP: 100/100 MP: 18/34
 20704 | Lair:4   | Found a staircase to the Slime Pits.
 22260 | Lair:5   | Entered Level 5 of the Lair of Beasts
 22807 | Lair:5   | Reached skill level 13 in Spellcasting
 23993 | Lair:5   | Upgraded the game from 0.29-a0-1008-g949cc1d0fb to
                  | 0.29-a0-1030-gf5f8719cae
 24353 | Lair:5   | Reached skill level 5 in Dodging
 24680 | Lair:5   | Reached XP level 14. HP: 111/111 MP: 20/36
 25183 | Lair:5   | Found a large runed translucent door.
 25183 | Lair:5   | Found a large runed translucent door.
 25963 | Lair:5   | Identified the +0 cloak of Iprus {rPois rF++ Regen+ Int-4}
 27072 | D:11     | Noticed Fannar
 27107 | D:11     | Killed Fannar
 27735 | D:12     | Noticed Kirke
 27740 | D:12     | Killed Kirke
 27848 | D:12     | Noticed Nergalle
 27853 | D:12     | Killed Nergalle
 27854 | D:12     | Reached skill level 1 in Armour
 28331 | D:12     | Noticed Josephine
 28335 | D:12     | Killed Josephine
 29741 | D:13     | Found a gate to the Vaults.
 31391 | D:14     | Identified the +1 ring mail "Kokaegesk" {rPois Will++ Str-5
                  | SInv}
 31782 | D:14     | Noticed Snorg
 31792 | D:14     | Killed Snorg
 32560 | D:14     | Reached skill level 14 in Spellcasting
 32840 | D:15     | Entered Level 15 of the Dungeon
 33836 | D:15     | Reached XP level 15. HP: 116/123 MP: 26/38
 34622 | D:15     | Learned a level 6 spell: Statue Form
 34632 | D:15     | Found a staircase to the Depths.
 34724 | D:15     | Reached skill level 1 in Transmutations
 35725 | Orc:1    | Entered Level 1 of the Orcish Mines
 36110 | Orc:1    | Found Waofeit's Jewellery Emporium.
 36145 | Orc:2    | Entered Level 2 of the Orcish Mines
 37056 | Orc:2    | Found Qickiog's General Store.
 37262 | Orc:2    | Found Hofeog's Magic Scroll Shop.
 37908 | Orc:2    | Reached skill level 5 in Transmutations
 38927 | Orc:2    | Found Gufozoixt's Jewellery Shoppe.
 38927 | Orc:2    | Found Humaelenti's Antique Weapon Emporium.
 39063 | Orc:2    | Found a one-way gate leading to the halls of Pandemonium.
 39069 | Orc:2    | Bought the ring "Lasch" {rPois rF+ rN++ Will+ Stlth-} for
                  | 730 gold pieces
 39137 | Orc:2    | Found Woxkioff's Jewellery Emporium.
 39286 | Orc:2    | Found a staircase to the Elven Halls.
 39810 | Spider:1 | Entered Level 1 of the Spider Nest
 39963 | Spider:1 | Reached skill level 5 in Armour
 40652 | Spider:1 | Identified the +11 mace of Axzint {elec, *Noise rPois SInv
                  | Stlth+}
 41356 | Spider:1 | Reached skill level 15 in Conjurations
 42567 | Orc:2    | Bought the amulet of Vitality {RegenMP++ Regen++} for 1700
                  | gold pieces
 42567 | Orc:2    | Found the amulet of Vitality {RegenMP++ Regen++}
 44136 | Spider:2 | Reached skill level 10 in Fighting
 44515 | Spider:2 | Identified the +5 ring mail of Gozag {rC+}
 44615 | Spider:2 | Reached XP level 16. HP: 108/133 MP: 5/40
 45574 | Spider:3 | Found a transporter.
 45582 | Spider:3 | Noticed Arachne
 45598 | Spider:2 | Killed Arachne
 45599 | Spider:2 | Reached skill level 15 in Spellcasting
 45716 | Spider:3 | HP: 1/174 [radroach (14)]
 45802 | Spider:3 | Found a transporter.
 45917 | Spider:3 | Noticed Azrael
 45929 | Spider:3 | Killed Azrael
 46053 | Spider:3 | Got Niagyef's Parchment of Breath and Clay
 46352 | Spider:4 | Entered Level 4 of the Spider Nest
 46399 | Spider:4 | Noticed Agnes
 46407 | Spider:4 | Killed Agnes
 46408 | Spider:4 | Reached skill level 10 in Earth Magic
 46711 | Spider:4 | Noticed Roxanne
 48119 | Spider:4 | Killed Roxanne
 48985 | Elf:1    | Entered Level 1 of the Elven Halls
 48992 | Elf:1    | Reached XP level 17. HP: 132/141 MP: 22/42
 49522 | Elf:1    | Paralysed by an air elemental for 1 turns
 49587 | Elf:1    | Noticed Jorgrun
 49598 | Elf:1    | Killed Jorgrun
 50000 | Elf:1    | Noticed Asterion
 50014 | Elf:1    | Killed Asterion
 50199 | Elf:1    | Found Dokuma's Antique Weapon Shop.
 50446 | Abyss:3  | Cast into level 3 of the Abyss (a deep elf sorcerer)
 50809 | Elf:1    | Escaped the Abyss
 50982 | Elf:1    | Found Duota's Jewellery Shop.
 50984 | Elf:1    | Found Difin's Book Emporium.
 50985 | Elf:1    | Found Zuijaex's Jewellery Shop.
 51164 | Elf:2    | Found Zaghobudd's Jewellery Boutique.
 51529 | Elf:2    | Reached skill level 10 in Dodging
 51549 | Elf:2    | Found a runed translucent gate.
 51550 | Elf:2    | Found a runed translucent gate.
 51550 | Elf:2    | Found a runed translucent gate.
 51702 | Elf:2    | Found Ruschol's Armour Emporium.
 52135 | Elf:2    | Reached skill level 16 in Spellcasting
 52707 | Elf:3    | Entered Level 3 of the Elven Halls
 52720 | Elf:3    | Noticed Nikola
 52736 | Elf:3    | Killed Nikola
 53038 | Elf:3    | Found Zippiv's Assorted Antiques.
 53170 | Elf:3    | Noticed Donald
 53180 | Elf:3    | Killed Donald
 53225 | Elf:3    | Reached XP level 18. HP: 154/155 MP: 33/44
 53391 | Elf:3    | Got A Thorough Guide to Magic
 53470 | Elf:3    | Identified the +6 dagger of Gadaodeg {pain, rPois Will+}
 53670 | Elf:3    | Identified the +7 sling "With Two Names" {vorpal, Fragile
                  | rN+++ Str+7}
 53680 | Elf:3    | Identified the +0 plate armour of Pukeos {*Corrode Int+5}
 53755 | Elf:3    | Identified the +0 shadow dragon scales "Yvis" {Harm Dex+5
                  | Slay-4 Stlth++++}
 53855 | Elf:3    | Found a runed translucent door.
 54306 | Shoals:1 | Entered Level 1 of the Shoals
 54474 | Shoals:1 | Got the Catalogue of the Traveller and Lightning
 54586 | Shoals:1 | Upgraded the game from 0.29-a0-1030-gf5f8719cae to
                  | 0.30-a0-34-gbe8da3892a
 54587 | Shoals:1 | Upgraded the game from 0.30-a0-34-gbe8da3892a to
                  | 0.30-a0-43-gbbf338a72c
 54834 | Shoals:1 | Reached skill level 17 in Spellcasting
 54905 | Shoals:1 | Identified the +0 scale mail of Pameggon {rF+}
 55564 | Shoals:2 | Found Qublatai's Gadget Gallery.
 56028 | Shoals:3 | Found a runed translucent door.
 56038 | Shoals:3 | Noticed Ilsuiw
 56057 | Shoals:3 | Killed Ilsuiw
 56134 | Shoals:3 | Noticed Mandevil's ghost (journeyman FeSu)
 56148 | Shoals:3 | Killed Mandevil's ghost
 56157 | Shoals:3 | Identified the +9 morningstar of Brutal Revenge {vorpal,
                  | *Noise rPois rF+ MP+9}
 56303 | Shoals:3 | Noticed Polyphemus
 56318 | Shoals:3 | Killed Polyphemus
 56438 | Shoals:3 | Noticed Louise
 56457 | Shoals:3 | Killed Louise
 57163 | Shoals:3 | Learned a level 8 spell: Lehudib's Crystal Spear
 57376 | Shoals:4 | Entered Level 4 of the Shoals
 57489 | Shoals:4 | Identified the +0 chain mail "Sikoodd" {rN+ Dex+4}
 57586 | Shoals:4 | Reached XP level 19. HP: 119/167 MP: 25/46
 58413 | Shoals:4 | Quit the game

Illustrated notes

Levels and vault maps discovered:
D:1:      dpeg_arrival_rhombi, layout_basic, hellmonk_ecumenical_altar_blasted,
          minmay_misc_feat_hallway, item_on_display_a
D:2:      layout_basic
D:3:      layout_loops_ring, mainiacjoe_overflow_alcove_4, wad_floor_pattern_1,
          serial_bayou_lake_a, uniq_jessica
D:4:      layout_layer_cave, grunt_gozag_statues, mainiacjoe_overflow_24_doors,
          ldierk_geyser, uniq_pikel
D:5:      layout_basic, serial_shops, nicolae_diamond_shop, uniq_ijyb,
          uniq_duvessa
D:6:      layout_gridville, minmay_diced_spiral
D:7:      layout_gridville, nzn_wu_jian_council_hall,
          mainiacjoe_overflow_concentric_impassable,
          minmay_temple_entry_butterflies, corexii_corridor_pit, uniq_menkaure,
          uniq_joseph
D:8:      layout_basic, gammafunk_temple_overflow_claw, bloody_trog,
          cheibriados_altar_1, uniq_psyche
D:9:      layout_loops_cross, mainiacjoe_overflow_surrounded_room,
          zombieorc2_lemuel, serial_shops, shop_fountains,
          nicolae_shop_hallway_plus, nicolae_shop_stone, shop_statue,
          nicolae_shop_behind_doors
D:10:     layout_gridville, elyvilon_altar_3, dpeg_lair_monsters,
          enter_bailey_1, minmay_statue_crystal_thing
D:11:     layout_loops_corners, uniq_fannar
D:12:     layout_roguey, uniq_kirke, uniq_josephine, uniq_nergalle
D:13:     layout_irregular_city, david_vaults_1, kennysheep_dice
D:14:     layout_long_grid, minmay_misc_feat_encased, nrook_uturn,
          nicolae_ru_great_annihilating_truth, uniq_snorg
D:15:     gammafunk_depths_entry_grave, layout_basic, old_standard_altar
Lair:1:   layout_cave_pods, serial_forest, infiniplex_forest_clump_cross,
          infiniplex_forest_clump_small, infiniplex_forest_clump_tiny,
          infiniplex_forest_clump_cross, infiniplex_forest_clump_long,
          infiniplex_forest_end_3, lemuel_fruit_tree
Lair:2:   layout_long_grid, minmay_shoals_entry_centaurs,
          amcnicky_mini_pool_medium, serial_bayou_shore_a
Lair:3:   minmay_guarded_unrand_snakebite, layout_layer_cave,
          hellmonk_spider_entry_not_the_bees, uniq_amaemon
Lair:4:   layout_cave_pods, minmay_slime_entry_eyes, minmay_stone_trees_small,
          minmay_lair_oklob_bushes
Lair:5:   cheibrodos_lair_end_hotspot, layout_hall_layers
Shoals:1: layout_shoals, nicolae_shoals_drake_roost
Shoals:2: layout_shoals, nicolae_shop_gadgets
Shoals:3: cheibrodos_shoals_epimethial_gifts, layout_shoals, ebering_ghost_xom,
          uniq_polyphemus, uniq_louise, uniq_ilsuiw
Shoals:4: shoals_end_hangedman, layout_shoals
Spider:1: layout_cave_pods
Spider:2: layout_chambers, nicolae_spider_swamp_cousins
Spider:3: gammafunk_boulding_lane, uniq_arachne, uniq_azrael
Spider:4: floodkiller_spider_rune_tomb, nicolae_spider_orb_run, uniq_agnes,
          uniq_roxanne
Orc:1:    layout_caves, serial_shops, nicolae_shop_crystal
Orc:2:    pf_orc_diabolical, layout_diamond_mine, serial_shops, shop
Elf:1:    eino_elf_arrival_altar, layout_loops_corners, serial_shops,
          nicolae_take_the_stairs, hangedman_elf_represent, minivault_23,
          minmay_shop_grove, uniq_jorgrun, uniq_asterion
Elf:2:    nicolae_elf_blades_crystal_corner, layout_geoelf_diagonals,
          serial_shops, shop, nicolae_shop_advertising_works
          [nicolae_subvault_shop_adworks], nicolae_shop_waterfront
Elf:3:    elf_hall, layout_rooms, serial_shops, shop, minivault_13, uniq_donald,
          uniq_nikola

Skill      XL: |  1  2  3  4  5  6  7  8  9 10 11 12 13 14 15 16 17 18 19 |
---------------+----------------------------------------------------------+-----
Spellcasting   | 2 3 4 5 6 8 9 10 11 12 13 14 15 16 17 | 17.4
Dodging        | 2 5 7 8 9 10 | 10.0
Stealth        | 2 |  2.0
Conjurations   | 5 7 8 10 11 12 13 14 15 16 | 16.4
Ice Magic      | 2 4 5 6 |  6.7
Translocations | 2 |  2.0
Air Magic      | 2 3 |  3.0
Fighting       | 4 5 6 8 10 12 14 | 14.1
Staves         | 2 5 |  5.0
Earth Magic    | 5 6 10 13 | 13.5
Armour         | 3 5 6 8 |  8.0
Transmutations | 5 |  5.0

Action                   |  1- 3 |  4- 6 |  7- 9 | 10-12 | 13-15 | 16-18 | 19-21 || total
-------------------------+-------+-------+-------+-------+-------+-------+-------++-------
Melee: Dagger            |       |    19 |    18 |       |       |       |       ||    37
       Quarterstaff      |       |     8 |    81 |   248 |   128 |   120 |    31 ||   616
       Staff             |       |       |       |       |    25 |     2 |     7 ||    34
Throw: Dart              |       |       |     6 |    11 |       |       |       ||    17
 Cast: Magic Dart        |    67 |    62 |   141 |    91 |    28 |       |       ||   389
       Searing Ray       |     5 |     7 |    31 |    22 |       |       |       ||    65
       Ozocubu's Armour  |       |       |    19 |    45 |    49 |    62 |     6 ||   181
       Poisonous Vapours |       |       |    19 |    67 |    43 |     8 |     1 ||   138
       Dazzling Flash    |       |       |     7 |       |       |       |       ||     7
       Iskenderun's Myst |       |       |     6 |    39 |   107 |   327 |    31 ||   510
       Fulminant Prism   |       |       |    14 |    66 |   215 |    45 |     1 ||   341
       Freezing Cloud    |       |       |       |    38 |   193 |   314 |    27 ||   572
       Iron Shot         |       |       |       |     5 |    92 |    88 |     6 ||   191
       Statue Form       |       |       |       |       |       |     4 |       ||     4
Evoke: Wand              |       |       |    15 |     3 |       |     2 |       ||    20
       Lightning rod     |       |       |       |     3 |     2 |       |       ||     5
  Use: Scroll            |     4 |     6 |     5 |    12 |     2 |     1 |       ||    30
       Potion            |       |       |       |     2 |       |     3 |       ||     5
 Stab: Paralysed         |       |       |    17 |       |       |     1 |       ||    18
       Invisible         |       |       |     1 |       |       |       |       ||     1
Armor: Robe              |       |    17 |    56 |   151 |   112 |   204 |    32 ||   572
       Skin              |       |       |       |       |       |    63 |       ||    63
Dodge: Dodged            |     6 |    20 |    91 |   142 |   149 |   363 |    60 ||   831
Block: Other             |       |       |       |    18 |    48 |       |       ||    66
       Reflection        |       |       |       |       |    10 |       |       ||    10

Table legend: (Time is in decaauts)
 A = Elapsed time spent in this place.
 B = Non-inter-level travel time spent in this place.
 C = Inter-level travel time spent in this place.
 D = Time resting spent in this place.
 E = Time spent auto-exploring this place.
 F = Levels seen in this place.
 G = Mean time per level.
                   A        B        C        D        E       F      G
               +--------+--------+--------+--------+--------+-----+--------+
         Total |  58770 |  55559 |   3211 |  19791 |  25658 |  35 | 1679.1 |
       Dungeon |  23391 |  22494 |    897 |   7801 |  11509 |  15 | 1559.4 |
          Lair |  12358 |  11392 |    966 |   4733 |   4868 |   5 | 2471.6 |
        Shoals |   4359 |   4244 |    115 |    882 |   1980 |   4 | 1089.8 |
   Spider Nest |   8131 |   7605 |    526 |   2723 |   3370 |   4 | 2032.8 |
  Orcish Mines |   4452 |   3996 |    456 |   1577 |   1861 |   2 | 2226.0 |
   Elven Halls |   4794 |   4546 |    248 |   1345 |   1952 |   3 | 1598.0 |
         Abyss |    355 |    355 |      0 |    137 |      6 |   1 |  355.0 |
        Bailey |    926 |    926 |      0 |    593 |    110 |   1 |  926.0 |
               +--------+--------+--------+--------+--------+-----+--------+

Top non-repeatable levels by time:
   Orc:2: 3668 daAuts
  Lair:5: 3490 daAuts
  Lair:3: 3198 daAuts
Spider:1: 2828 daAuts
    D:14: 2752 daAuts
  Lair:4: 2436 daAuts
    D:13: 2312 daAuts
Spider:4: 2303 daAuts
Spider:2: 2161 daAuts
     D:7: 1931 daAuts
   Elf:1: 1907 daAuts
    D:15: 1836 daAuts
     D:8: 1817 daAuts
  Lair:2: 1625 daAuts
  Lair:1: 1607 daAuts
